Map: Cosmic Sapphire

Players

Harstem

  • Race: Protoss Protoss
  • League: Master
  • Spawn Location: 11:00

Lambo - Winner!

  • Race: Zerg Zerg
  • League: Grandmaster
  • Spawn Location: 5:00

VOD

Have the link to the VOD?

Description

Time

  • Played on: Oct. 23, 2022, 7:12 p.m.
  • Length: 9:01
Show
View Real Time Build Order
Export as new Build Order

Harstem Protoss 

Build Orders: 1 Gate Expand, Oracle Opening, Zealot Archon 

Get SALT Encoding   

  12  0:00  Probe  
  13  0:12  Probe  
  14  0:17  Pylon  
  14  0:24  Probe (Chrono Boost)  
  15  0:29  Assimilator  
  15  0:37  Probe (Chrono Boost)  
  16  0:45  Probe (Chrono Boost)  
  16  0:46  Gateway  
  17  0:51  Probe  
  18  1:03  Probe  
  19  1:15  Probe  
  20  1:22  Nexus  
  20  1:34  Cybernetics Core  
  20  1:35  Probe  
  20  1:39  Assimilator  
  21  1:47  Probe  
  22  1:49  Pylon  
  22  1:59  Probe  
  23  2:08  Adept (Chrono Boost)  
  23  2:10  Warp Gate  
  23  2:11  Probe  
  26  2:20  Stargate  
  26  2:23  Probe  
  27  2:30  Stalker  
  27  2:35  Probe (Chrono Boost)  
  31  2:41  Probe (Chrono Boost)  
  31  2:46  Probe (Chrono Boost)  
  31  2:50  Probe x2 (Chrono Boost)  
  34  3:00  Probe  
  34  3:01  Oracle (Chrono Boost), Probe  
  39  3:12  Probe  
  40  3:13  Probe  
  40  3:19  Nexus  
  41  3:24  Probe  
  41  3:25  Pylon  
  42  3:27  Probe  
  42  3:31  Oracle (Chrono Boost)  
  46  3:43  Probe x2, Gateway  
  48  3:48  Pylon  
  48  3:55  Probe  
  49  3:56  Probe  
  49  3:58  Oracle (Chrono Boost)  
  49  4:00  Pylon  
  53  4:07  Probe  
  53  4:08  Probe  
  55  4:13  Assimilator  
  55  4:14  Pylon  
  55  4:16  Shield Battery, Assimilator  
  55  4:19  Probe  
  55  4:20  Probe  
  57  4:26  Oracle (Chrono Boost)  
  60  4:32  Probe (Chrono Boost)  
  60  4:34  Probe (Chrono Boost)  
  60  4:36  Adept, Probe (Chrono Boost)  
  65  4:41  Forge  
  65  4:44  Probe (Chrono Boost)  
  68  4:48  Probe x2 (Chrono Boost)  
  68  4:49  Probe (Chrono Boost)  
  69  4:57  Probe (Chrono Boost)  
  69  4:59  Twilight Council  
  72  5:00  Probe (Chrono Boost)  
  72  5:05  Probe (Chrono Boost)  
  73  5:07  Probe (Chrono Boost), Gateway  
  73  5:09  Gateway  
  73  5:10  Probe (Chrono Boost)  
  73  5:12  Sentry, Probe x2 (Chrono Boost)  
  73  5:14  Protoss Ground Weapons Level 1 (Chrono Boost)  
  78  5:20  Probe  
  79  5:22  Robotics Facility, Assimilator  
  79  5:23  Probe x2  
  79  5:26  Assimilator  
  81  5:32  Probe  
  81  5:35  Probe x2  
  83  5:41  Charge, Zealot  
  83  5:42  Zealot  
  88  5:44  Probe  
  88  5:45  Templar Archives  
  88  5:46  Pylon  
  88  5:47  Probe  
  88  5:49  Pylon  
  90  5:53  Probe  
  90  5:56  Probe, Pylon  
  92  5:59  Probe  
  90  6:05  Probe  
  90  6:07  Zealot x2  
  90  6:10  Observer (Chrono Boost)  
  96  6:15  Nexus  
  96  6:16  Probe  
  96  6:17  Probe  
  96  6:18  Probe, Pylon  
  98  6:22  High Templar x2  
  103  6:26  Gateway  
  103  6:27  Gateway  
  103  6:28  Archon, Probe  
  103  6:29  Phoenix (Chrono Boost), Pylon  
  103  6:30  Probe x2  
  108  6:33  High Templar x2  
  108  6:39  Archon  
  112  6:40  Probe  
  112  6:42  Probe  
  112  6:43  Probe  
  112  6:44  Photon Cannon  
  112  6:45  Gateway  
  115  6:47  Gateway  
  115  6:49  Gateway  
  115  6:52  Probe  
  115  6:54  Probe  
  117  6:56  Zealot x2  
  117  6:57  Probe  
  117  6:59  Shield Battery  
  122  7:02  Assimilator  
  122  7:04  Assimilator  
  122  7:05  Probe  
  122  7:07  Zealot x2  
  127  7:10  Pylon  
  127  7:16  Zealot x2  
  127  7:20  Phoenix (Chrono Boost), Pylon  
  133  7:25  Shield Battery  
  133  7:29  Probe  
  134  7:30  Photon Cannon  
  134  7:31  Shield Battery  
  134  7:32  High Templar  
  134  7:33  High Templar x3  
  134  7:36  Pylon  
  142  7:38  Phoenix (Chrono Boost)  
  142  7:41  Archon x2  
  144  7:46  Probe  
  144  7:47  Photon Cannon  
  144  7:48  Pylon  
  144  7:50  Photon Cannon  
  145  7:52  Photon Cannon  
  145  7:54  High Templar x2  
  149  8:00  Phoenix (Chrono Boost)  
  151  8:05  Stalker x2  
  151  8:06  Stalker  
  151  8:12  Archon  
  156  8:15  Immortal (Chrono Boost)  
  156  8:16  Zealot x4  
  164  8:25  Phoenix  
  152  8:27  Stalker x2  
  152  8:29  Probe  
  143  8:42  Zealot x6  
  143  8:43  Zealot  
Show
View Real Time Build Order
Export as new Build Order

Lambo Zerg - Winner!

Build Orders: Hatch First 

Get SALT Encoding   

  12  0:00  Drone  
  13  0:12  Overlord  
  13  0:17  Drone  
  14  0:30  Drone x2  
  16  0:47  Hatchery  
  15  0:50  Drone  
  15  0:54  Drone  
  17  0:57  Drone  
  18  1:08  Extractor  
  17  1:12  Spawning Pool  
  17  1:15  Drone  
  17  1:18  Drone  
  18  1:27  Drone  
  19  1:38  Drone  
  20  1:49  Drone  
  21  1:59  Zergling x2, Queen x2, Overlord  
  26  2:10  Drone  
  26  2:11  Drone  
  26  2:12  Metabolic Boost  
  28  2:20  Drone  
  28  2:21  Drone  
  30  2:32  Hatchery  
  30  2:33  Drone  
  30  2:42  Drone x2  
  30  2:43  Overlord  
  32  2:48  Queen  
  34  2:54  Drone  
  34  2:55  Drone  
  36  3:01  Queen  
  36  3:04  Drone  
  39  3:06  Overlord  
  39  3:11  Drone  
  40  3:13  Drone  
  40  3:14  Drone x2  
  43  3:21  Drone  
  43  3:24  Queen  
  46  3:30  Drone  
  47  3:35  Drone  
  47  3:36  Drone  
  47  3:40  Spore Crawler  
  48  3:43  Drone x3  
  48  3:45  Queen  
  48  3:46  Drone  
  54  3:51  Drone x2  
  56  3:55  Spore Crawler  
  56  3:57  Drone x3  
  56  3:59  Overlord  
  56  4:00  Overlord  
  58  4:05  Drone x2  
  58  4:14  Overlord  
  58  4:18  Drone x5  
  58  4:20  Roach Warren  
  62  4:26  Drone x2  
  62  4:29  Drone  
  62  4:30  Queen  
  66  4:32  Drone x4  
  70  4:38  Extractor  
  70  4:40  Extractor, Overlord  
  70  4:44  Overlord  
  70  4:45  Hatchery  
  67  4:46  Zergling x2  
  67  4:50  Drone  
  67  4:51  Lair  
  68  5:03  Zergling x2, Drone x3  
  68  5:04  Zergling x14  
  80  5:07  Drone  
  80  5:17  Spore Crawler  
  80  5:19  Drone  
  80  5:20  Drone x5  
  85  5:24  Extractor x3  
  85  5:26  Drone x3  
  85  5:31  Queen, Drone x6  
  85  5:34  Drone  
  94  5:39  Drone  
  94  5:41  Drone  
  96  5:44  Baneling Nest  
  92  5:54  Drone  
  92  5:56  Drone x3  
  94  5:57  Spire  
  94  6:00  Drone x9  
  94  6:02  Drone  
  101  6:05  Glial Reconstitution, Drone  
  101  6:10  Drone, Evolution Chamber  
  102  6:13  Spore Crawler  
  102  6:14  Drone  
  102  6:16  Drone  
  102  6:17  Drone  
  103  6:21  Extractor  
  103  6:24  Drone  
  103  6:25  Overlord  
  103  6:26  Overlord x2  
  103  6:28  Overlord  
  103  6:32  Overlord  
  103  6:40  Centrifugal Hooks  
  103  6:42  Zerg Missile Weapons Level 1, Overlord  
  103  6:44  Drone x2  
  103  6:45  Roach x6  
  117  6:47  Overlord  
  117  6:51  Roach  
  117  6:53  Roach x4  
  117  6:54  Roach x2  
  131  6:56  Overlord  
  133  7:01  Roach x4  
  133  7:03  Overlord  
  133  7:05  Ravager  
  133  7:07  Overlord x2  
  139  7:09  Overlord  
  139  7:13  Overlord  
  139  7:18  Mutalisk x5  
  139  7:22  Mutalisk x2  
  153  7:25  Mutalisk x2  
  157  7:31  Mutalisk x2  
  157  7:34  Zergling x10  
  166  7:38  Roach x2  
  166  7:39  Roach  
  166  7:43  Zergling x8, Spine Crawler  
  166  7:44  Zergling x2  
  176  7:51  Zergling x8  
  176  7:52  Zergling x8  
  176  7:58  Zergling x14  
  191  8:01  Zergling x6  
  191  8:03  Baneling x8  
  193  8:10  Zergling x2  
  193  8:12  Baneling x15  
  191  8:13  Zergling x2  
  191  8:14  Zergling x4  
  191  8:19  Baneling x12  
  190  8:25  Zergling x14  
  189  8:28  Baneling x7  
  184  8:40  Zergling x24  
Tags
 
Add a new tag
Caveats
  • Supply blocks, unpowered buildings, or Contaminate may cause inaccurate times.
  • Supply counts are checked every 10 seconds.